 Dungeon Crawl Stone Soup version 0.22-a0-247-gbddf880 (webtiles) character file.

865 MatthieuS the Skirmisher (level 8, -3/78 HPs)
             Began as a Gargoyle Wanderer on Feb 27, 2018.
             Slain by Menkaure (5 damage)
             ... on level 4 of the Dungeon.
             The game lasted 00:11:29 (3496 turns).

MatthieuS the Skirmisher (Gargoyle Wanderer)        Turns: 3496, Time: 00:11:29

Health: -3/78      AC: 24    Str: 19    XL:     8   Next: 3%
Magic:  8/8        EV:  2    Int: 18    God:    Xom [..*...]
Gold:   135        SH:  0    Dex:  8    Spells: 7/7 levels left

rFire    . . .     SeeInvis .   q - +0 dagger (venom)
rCold    . . .     Gourm    .   (no shield)
rNeg     + + +     Faith    .   (armour currently unavailable)
rPois    ∞         Spirit   .   (helmet currently unavailable)
rElec    .         Reflect  .   (cloak currently unavailable)
rCorr    .         Harm     .   (gloves currently unavailable)
MR       .....     NoTele   +   (boots currently unavailable)
Stlth    ++........             (no amulet)
HPRegen  0.23/turn              n - +1 ring of slaying
MPRegen  0.11/turn              (no ring)

@: brilliant, tree-form
A: negative energy resistance 1, petrification resistance, rot immunity, AC +5
a: Renounce Religion


You were on level 4 of the Dungeon.
You worshipped Xom.
You were a toy of Xom.
You were not hungry.
You were a tree.
You visited 1 branch of the dungeon, and saw 4 of its levels.

You collected 135 gold pieces.

Inventory:

Hand Weapons
 a - a +0 long sword
 q - a +0 dagger of venom (weapon)
 w - a +2 hand crossbow
Missiles
 b - 69 bolts
Armour
 v - a +0 scale mail (melded)
Jewellery
 n - a +1 ring of slaying (left branch)
Wands
 p - a wand of digging (12)
Scrolls
 d - a scroll of amnesia
 f - a scroll of magic mapping {unknown}
 j - a scroll of random uselessness {unknown}
 k - a scroll of teleportation
 l - a scroll of enchant armour {unknown}
 t - a scroll of blinking {unknown}
Potions
 c - 2 potions of lignification
 h - a potion of magic {unknown}
 i - a potion of flight {unknown}
 m - a potion of might {unknown}
 o - 2 potions of brilliance
 r - 2 potions of agility {unknown}
 s - a potion of degeneration {unknown}
Comestibles
 g - 11 rations
 x - 4 chunks of flesh


   Skills:
 + Level 6.3 Fighting
 - Level 1.0(3.1) Short Blades
 * Level 4.7 Long Blades
 - Level 2.0 Crossbows
 + Level 5.3 Armour
 - Level 1.0 Dodging
 - Level 2.1 Stealth


You had 7 spell levels left.
You didn't know any spells.

Dungeon Overview and Level Annotations

Branches:
Dungeon (4/15)
 Temple: D:4-7

Altars:
Fedhas
Nemelex Xobeh
Qazlal
Uskayaw
Xom

Annotations:
D:2 Robin, Sigmund
D:3 1 runed door
D:4 Menkaure


Innate Abilities, Weirdness & Mutations

You are resistant to torment.
((Your stone body is resilient. (AC +5)))
You are immune to poison.
You resist negative energy. (rN+)
((You are resistant to electric shocks. (rElec)))
((You can survive without breathing.))
You are immune to petrification.
You are immune to rotting.


Message History

Menkaure hits you!
* * * LOW HITPOINT WARNING * * *
Xom thinks this is hilarious!
Evoke which item? (* to show all) (? for menu, Esc to quit)
Okay, then.
It was a potion of brilliance.
You feel clever all of a sudden. Menkaure hits you but does no damage.
You hit Menkaure.
Menkaure is almost destroyed.
Menkaure hits you but does no damage.
You barely miss Menkaure.
Menkaure is almost destroyed.
Menkaure hits you.
* * * LOW HITPOINT WARNING * * *
Menkaure hits you but does no damage.
You barely miss Menkaure.
Menkaure is almost destroyed.
Menkaure hits you.
You die...

...... .. ..... ...
#'# #...# ...
...##(..# ....
........# .....
........##.....
........#...... #
.......♣M...... ##
......†>#...... #.
..#####'# ..... #.
###...# ...( #.
#.....######### ######
#.....##......###...##
#...)......(..>.......
#...................##
#...................##


You could see Menkaure.

Vanquished Creatures
  Grinder (D:4)
  The ghost of Bunnehwyld the Chiller, an amateur GrIE (D:3)
  A bullfrog (D:4)
  2 big kobolds (D:3)
  A scorpion (D:4)
  A howler monkey (D:4)
  2 orc wizards (D:3)
  An orc priest (D:3)
  A worker ant (D:4)
  5 adders
  A shadow imp (D:4)
  An ooze (D:4)
  2 worms
  2 dart slugs
  4 leopard geckos
  11 orcs
  3 ball pythons (D:1)
  2 giant cockroaches
  12 goblins
  11 hobgoblins
  3 jackals (D:3)
  13 kobolds
  6 bats
  7 frilled lizards
  3 rats
97 creatures vanquished.

Vanquished Creatures (collateral kills)
  A goblin (D:3)
  2 jackals (D:3)
  A quokka (D:3)
4 creatures vanquished.

Grand Total: 101 creatures vanquished

Notes
Turn   | Place    | Note
-------+----------+-------------------------------------------
     0 | D:1      | MatthieuS the Gargoyle Wanderer began the quest for the Orb.
     0 | D:1      | MatthieuS set off with: a +2 hand crossbow, 22 bolts, a potion of lignification, a potion of curing, a +0 robe, a +0 dagger, a ration
     0 | D:1      | Reached XP level 1. HP: 14/14 MP: 1/1
   132 | D:1      | Reached XP level 2. HP: 16/19 MP: 2/2
  1081 | D:1      | Reached XP level 3. HP: 24/24 MP: 3/3
  1178 | D:2      | Reached skill level 4 in Fighting
  1621 | D:2      | Noticed Robin
  1682 | D:2      | Reached XP level 4. HP: 17/30 MP: 4/4
  1684 | D:2      | Noticed Sigmund
  1937 | D:3      | Noticed a big kobold
  2280 | D:3      | Noticed a hand axe
  2280 | D:3      | Noticed a dagger
  2309 | D:3      | Found a shimmering altar of Xom.
  2310 | D:3      | Found a sparkling altar of Nemelex Xobeh.
  2310 | D:3      | Found a stormy altar of Qazlal.
  2311 | D:3      | Found a blossoming altar of Fedhas.
  2317 | D:3      | Became a worshipper of Xom of Chaos
  2348 | D:3      | XOM: divination: detect creatures
  2387 | D:3      | XOM: potion effect (curing)
  2401 | D:3      | Killed a big kobold
  2401 | D:3      | Reached skill level 5 in Fighting
  2401 | D:3      | Reached skill level 1 in Long Blades
  2401 | D:3      | Reached XP level 5. HP: 28/35 MP: 5/5
  2528 | D:3      | Noticed a big kobold
  2529 | D:3      | XOM: 3-stop teleportation journey
  2534 | D:3      | Found a hide-covered altar of Uskayaw.
  2543 | D:3      | XOM: divination: detect creatures
  2593 | D:3      | Killed a big kobold
  2593 | D:3      | Reached XP level 6. HP: 31/40 MP: 6/6
  2663 | D:3      | XOM: mild Air miscast
  2856 | D:3      | XOM is BORED!
  2894 | D:3      | XOM: divination: magic mapping
  2988 | D:3      | Noticed Bunnehwyld's ghost (amateur GrIE)
  2989 | D:3      | XOM: cast spell 'Summon Ice Beast'
  3009 | D:3      | Killed Bunnehwyld's ghost
  3009 | D:3      | Reached XP level 7. HP: 35/45 MP: 7/7
  3221 | D:3      | Found a runed door.
  3284 | D:4      | XOM: silly message
  3302 | D:4      | XOM: potion effect (heal wounds)
  3309 | D:4      | XOM: divination: magic mapping
  3375 | D:4      | Reached skill level 6 in Fighting
  3418 | D:4      | Noticed Grinder
  3422 | D:4      | Reached skill level 5 in Armour
  3444 | D:4      | Killed Grinder
  3444 | D:4      | Reached XP level 8. HP: 29/51 MP: 8/8
  3470 | D:4      | Noticed Menkaure
  3492 | D:4      | HP: 2/78 [Menkaure (9)]
  3496 | D:4      | Slain by Menkaure

Vault maps used:
D:1:      scummos_arrival_simple_fountains, serial_glass, glass_columns_a,
          glass_columns_a, item_on_display_a, feat_on_display,
          minmay_tetromino_o2
D:2:      gammafunk_temple_overflow_wave, hex_tiny, uniq_robin, uniq_sigmund
D:3:      cheibrodos_thug_alley, dancing_weapons_uskayaw,
          chequers_temple_overflow_statue_of_worship, first_ration,
          uniq_crazy_yiuf_cottage
D:4:      uniq_menkaure, uniq_grinder

Skill      XL: |  1  2  3  4  5  6  7 |
---------------+----------------------+-----
Armour         | 2 3 4 5 |  5.3
Fighting       | 4 5 6 |  6.3
Long Blades    | 1 2 3 4 |  4.7
Short Blades   | |  1.0
Crossbows      | |  2.0
Dodging        | |  1.0
Stealth        | |  2.1

Action                   |  1- 3 |  4- 6 |  7- 9 || total
-------------------------+-------+-------+-------++-------
Melee: Dagger            |   183 |   146 |    92 ||   421
       Long sword        |       |    50 |       ||    50
       Hand axe          |       |    13 |       ||    13
 Fire: Hand crossbow     |       |       |     3 ||     3
Evoke: Wand              |       |       |     4 ||     4
  Use: Potion            |       |     4 |     3 ||     7
       Scroll            |       |     4 |       ||     4
 Stab: Sleeping          |     4 |       |       ||     4
  Eat: Chunk             |     2 |     5 |     2 ||     9
Armor: Leather armour    |    91 |    41 |       ||   132
       Robe              |     4 |       |       ||     4
       Skin              |       |    16 |     9 ||    25
       Scale mail        |       |    55 |    36 ||    91
Dodge: Dodged            |   123 |   100 |    34 ||   257
       Rpst.: Long sword |       |     9 |       ||     9

Table legend:
 A = Spawn XP
 B = Non-spawn XP
 C = Spawn XP percentage of total XP
 D = Spawn monster count
 E = Non-spawn monster count
 F = Spawn count percentage of total count
 G = Total turns spent on level
                    A         B        C        D         E        F      G
               +---------+---------+-------+---------+---------+-------+---------
         Total |       0 |    1237 |   0.0 |       0 |     101 |   0.0 |  3496
               +---------+---------+-------+---------+---------+-------+---------
           D:1 |       0 |      35 |   0.0 |       0 |      23 |   0.0 |  1147
           D:2 |       0 |      50 |   0.0 |       0 |      16 |   0.0 |   770
           D:3 |       0 |     575 |   0.0 |       0 |      50 |   0.0 |  1337
           D:4 |       0 |     577 |   0.0 |       0 |      12 |   0.0 |   242
               +---------+---------+-------+---------+---------+-------+---------
